Map: Ever Dream LE

Players

RiSE

  • Race: Protoss Protoss
  • League: Master
  • Spawn Location: 7:00

Thor - Winner!

  • Race: Zerg Zerg
  • League: Grandmaster
  • Spawn Location: 1:00

VOD

Have the link to the VOD?

Description

Time

  • Played on: June 4, 2020, 8:36 p.m.
  • Length: 10:04
Show
View Real Time Build Order
Export as new Build Order

RiSE Protoss 

Build Orders: 1 Gate Expand, Double Forge 

Get SALT Encoding   

  12  0:01  Probe  
  13  0:14  Probe  
  14  0:18  Pylon  
  14  0:26  Probe (Chrono Boost)  
  15  0:38  Probe (Chrono Boost)  
  15  0:40  Gateway  
  16  0:46  Probe (Chrono Boost)  
  17  0:51  Assimilator  
  17  0:52  Probe  
  18  1:04  Probe (Chrono Boost)  
  19  1:16  Probe (Chrono Boost)  
  20  1:22  Probe (Chrono Boost)  
  21  1:28  Nexus  
  21  1:32  Probe  
  22  1:37  Assimilator  
  22  1:43  Pylon  
  22  1:46  Probe  
  23  2:00  Cybernetics Core  
  23  2:01  Probe (Chrono Boost)  
  23  2:05  Zealot  
  26  2:13  Probe (Chrono Boost)  
  27  2:21  Probe (Chrono Boost)  
  28  2:28  Probe  
  29  2:37  Sentry, Warp Gate  
  29  2:38  Robotics Facility  
  29  2:41  Probe (Chrono Boost)  
  32  2:50  Probe x2 (Chrono Boost)  
  34  2:53  Pylon  
  34  2:59  Probe  
  34  3:00  Probe  
  34  3:02  Assimilator  
  34  3:04  Sentry  
  39  3:13  Probe (Chrono Boost)  
  39  3:19  Probe (Chrono Boost)  
  40  3:24  Assimilator  
  45  3:27  Immortal  
  45  3:29  Probe x2 (Chrono Boost)  
  45  3:30  Sentry  
  48  3:34  Probe  
  48  3:36  Probe  
  48  3:40  Forge  
  50  3:47  Probe (Chrono Boost)  
  52  3:51  Probe (Chrono Boost), Pylon  
  52  3:53  Gateway  
  52  3:58  Probe (Chrono Boost)  
  54  4:03  Probe (Chrono Boost)  
  54  4:08  Probe  
  54  4:09  Immortal  
  59  4:12  Protoss Ground Weapons Level 1 (Chrono Boost)  
  59  4:17  Probe  
  59  4:19  Forge  
  60  4:25  Probe  
  60  4:27  Pylon  
  60  4:30  Probe, Pylon  
  62  4:44  Pylon  
  63  4:45  Probe  
  63  4:48  Probe  
  63  4:49  Sentry x2, Immortal  
  63  4:50  Protoss Ground Armor Level 1 (Chrono Boost)  
  72  4:57  Twilight Council  
  72  5:07  Probe  
  72  5:13  Nexus  
  73  5:15  Sentry  
  73  5:16  Pylon  
  73  5:18  Sentry  
  77  5:23  Probe x2 (Chrono Boost)  
  77  5:27  Gateway  
  79  5:29  Observer  
  79  5:32  Probe x2 (Chrono Boost)  
  82  5:37  Probe x2 (Chrono Boost)  
  82  5:42  Gateway  
  84  5:45  Photon Cannon  
  84  5:47  Shield Battery  
  84  5:49  Probe  
  85  5:50  Observer  
  85  5:52  Sentry x2  
  85  5:56  Pylon  
  90  5:59  Probe  
  90  6:01  Probe  
  90  6:03  Charge  
  92  6:08  Gateway  
  92  6:11  Probe  
  92  6:13  Probe  
  94  6:22  Immortal  
  99  6:26  Probe (Chrono Boost)  
  99  6:27  Protoss Ground Weapons Level 2 (Chrono Boost)  
  99  6:29  Probe (Chrono Boost)  
  99  6:30  Assimilator  
  101  6:34  Assimilator  
  101  6:35  Probe (Chrono Boost)  
  101  6:38  Stargate  
  101  6:39  Probe (Chrono Boost)  
  103  6:40  Probe (Chrono Boost)  
  103  6:42  Sentry x2  
  103  6:43  Probe (Chrono Boost)  
  103  6:44  Probe (Chrono Boost)  
  109  6:48  Probe  
  110  6:54  Probe  
  110  6:56  Pylon  
  110  6:57  Probe  
  110  7:00  Probe  
  113  7:01  Protoss Ground Armor Level 2 (Chrono Boost)  
  113  7:04  Immortal  
  117  7:18  Nexus  
  117  7:20  Robotics Bay  
  117  7:23  Phoenix (Chrono Boost), Pylon  
  117  7:28  Pylon  
  119  7:30  Stalker  
  121  7:39  Phoenix (Chrono Boost)  
  121  7:41  Gateway  
  121  7:42  Photon Cannon  
  123  7:45  Probe  
  124  7:52  Probe  
  124  7:55  Photon Cannon, Stalker  
  124  7:57  Photon Cannon  
  127  8:03  Blink  
  127  8:04  Templar Archives, Phoenix  
  129  8:10  Colossus (Chrono Boost)  
  135  8:21  Zealot, Shield Battery  
  135  8:22  Zealot  
  135  8:23  Shield Battery  
  135  8:24  Shield Battery  
  139  8:29  Phoenix  
  139  8:31  Stalker x2  
  139  8:32  Stalker  
  142  8:53  Colossus (Chrono Boost)  
  130  9:01  Sentry x2  
  132  9:09  Probe  
  131  9:13  Probe  
  132  9:18  Fleet Beacon  
  132  9:19  Probe  
  132  9:21  Gateway  
  133  9:25  Pylon  
  133  9:34  Nexus  
  133  9:38  Pylon  
  133  9:39  Pylon  
  133  9:41  Pylon  
  139  9:57  High Templar x2  
  139  9:58  Zealot x4  
Show
View Real Time Build Order
Export as new Build Order

Thor Zerg - Winner!

Build Orders: Hatch First 

Get SALT Encoding   

  12  0:01  Drone  
  13  0:13  Overlord  
  13  0:16  Drone  
  14  0:31  Drone x2  
  16  0:47  Hatchery  
  15  0:51  Drone  
  15  0:55  Drone  
  17  1:01  Drone  
  18  1:09  Extractor  
  17  1:16  Spawning Pool  
  17  1:18  Drone  
  17  1:20  Drone  
  18  1:29  Drone  
  19  1:39  Drone  
  20  1:50  Drone  
  21  2:00  Overlord  
  21  2:03  Queen x2  
  21  2:04  Zergling x2  
  26  2:10  Drone  
  26  2:13  Metabolic Boost  
  26  2:15  Drone  
  28  2:26  Drone x2  
  30  2:34  Hatchery  
  29  2:37  Drone  
  29  2:39  Drone  
  31  2:46  Overlord  
  31  2:48  Drone  
  32  2:55  Drone  
  32  2:56  Drone  
  34  3:06  Queen, Drone x2  
  34  3:11  Drone x2  
  40  3:16  Overlord  
  40  3:18  Drone  
  40  3:19  Drone  
  41  3:28  Overlord  
  41  3:34  Drone  
  41  3:41  Drone  
  43  3:42  Lair  
  43  3:47  Drone x6  
  49  3:52  Queen, Drone  
  49  3:55  Drone x2  
  54  3:58  Extractor  
  54  4:00  Extractor  
  54  4:01  Drone x3  
  54  4:02  Roach Warren  
  54  4:07  Overlord  
  54  4:09  Drone  
  55  4:12  Drone  
  55  4:16  Drone  
  57  4:17  Drone x3  
  57  4:18  Drone x2  
  57  4:22  Zergling x6  
  57  4:23  Overlord  
  65  4:27  Zergling x2  
  66  4:36  Overlord  
  66  4:38  Overlord  
  66  4:39  Zergling x2  
  67  4:46  Overlord x2  
  67  4:48  Glial Reconstitution  
  67  4:51  Roach  
  67  4:52  Roach x2  
  73  4:54  Overlord  
  73  4:57  Roach  
  75  5:00  Roach  
  75  5:01  Overlord  
  75  5:02  Roach  
  75  5:03  Roach x3  
  85  5:07  Extractor  
  85  5:08  Roach  
  85  5:09  Roach  
  85  5:11  Drone  
  89  5:20  Drone x4  
  89  5:21  Drone x3  
  96  5:24  Roach  
  97  5:29  Extractor  
  97  5:32  Evolution Chamber x2  
  97  5:33  Drone x2  
  97  5:34  Drone  
  97  5:36  Drone x4  
  101  5:43  Drone  
  101  5:48  Baneling Nest  
  101  5:57  Drone x9  
  101  5:59  Hatchery  
  101  6:02  Zerg Melee Weapons Level 1, Zerg Missile Weapons Level 1  
  101  6:03  Zergling x6  
  112  6:07  Zergling x2  
  112  6:08  Zergling x4  
  115  6:18  Zergling x2  
  115  6:19  Zergling x4  
  115  6:24  Overlord  
  118  6:32  Unknown  
  117  6:33  Centrifical Hooks, Hatchery  
  117  6:35  Zergling x10  
  117  6:37  Overlord x6  
  121  6:45  Drone  
  122  6:48  Roach x2  
  122  6:54  Roach x2  
  128  6:57  Drone  
  130  7:04  Drone x7  
  137  7:10  Roach x2  
  137  7:11  Roach  
  137  7:15  Ravager x13  
  156  7:23  Zergling x2  
  156  7:26  Zergling x8  
  156  7:27  Zergling x6  
  164  7:35  Zergling x16  
  171  7:39  Overlord x3  
  171  7:45  Zergling x8, Overseer  
  175  7:52  Roach x2  
  175  7:54  Roach  
  175  7:55  Roach  
  175  7:57  Pneumatized Carapace  
  175  7:58  Drone x2  
  185  8:00  Zergling x8  
  185  8:04  Baneling x6  
  189  8:08  Roach x5  
  199  8:14  Zergling x2  
  199  8:17  Baneling x6  
  199  8:18  Baneling x18  
  199  8:19  Baneling  
  197  8:29  Zergling x6  
  197  8:31  Zergling x4  
  190  8:54  Zergling x4  
  190  8:55  Zergling x26  
  198  8:58  Zergling x2  
  199  9:04  Hatchery  
  198  9:13  Spire  
  198  9:14  Infestation Pit  
  198  9:16  Baneling x11  
  196  9:17  Ravager  
  196  9:18  Ravager  
  196  9:19  Baneling  
  198  9:24  Hatchery  
  198  9:31  Drone x3, Spore Crawler  
  197  9:32  Spine Crawler  
  197  9:34  Spore Crawler  
  197  9:35  Drone, Extractor  
  197  9:36  Spine Crawler, Drone  
  197  9:37  Drone  
Tags
 
Add a new tag
Caveats
  • Supply blocks, unpowered buildings, or Contaminate may cause inaccurate times.
  • Supply counts are checked every 10 seconds.